AoeStats
← Nare Vent

Nomad

503883054Analyzed
2v2 RM · 1mo ago on Sep 2, 2026· 40m 41s· 4 players
Game mode
Random Map
Map size
176×176
Population
200
Speed
Normal
Resources
Standard
Victory
Conquest
Starting age
Dark Age
Ending age
Imperial Age
RankedLock teamsTeams togetherTeam positionsShared explorationLock speedFull tech treeHidden civsTurbo modeCheats
Victory
Defeat
🇹🇷 Italians · Türkiye
1141
+13
🇹🇷 Franks · Türkiye
1106
+15
🇳🇱 Byzantines · Netherlands
1086
-14
🇩🇪 Bengalis · Germany
1086
-14
Moitzie
14:24 Feudal Age
12:40 Loom
18:19 Castle Age
16:46 Horse Collar
20:08 Pikeman
21:00 Pikeman
21:52 Scale Mail Armor
22:03 Forging
23:31 Husbandry
23:38 Scale Barding Armor
30:46 Chain Barding Armor
37:10 Wheelbarrow
40:33 Iron Casting
Nare Vent
14:20 Feudal Age
18:25 Castle Age
16:41 Loom
17:19 Double-Bit Axe
17:47 Fletching
18:46 Padded Archer Armor
18:34 Town Watch
19:27 Bodkin Arrow
21:11 Pikeman
22:26 Elite Skirmisher
25:01 Crossbowman
26:54 Bow Saw
28:13 Ballistics
28:44 Horse Collar
33:33 Murder Holes
36:46 Fortified Wall
36:40 Fishing Lines
39:34 Wheelbarrow
40:42 Heavy Plow
Prusias
7:14 Loom
14:09 Feudal Age
15:13 Fishing Lines
16:13 Fletching
18:51 Castle Age
17:20 Gold Mining
17:43 Double-Bit Axe
19:04 Padded Archer Armor
19:12 Crossbowman
20:10 Bodkin Arrow
21:13 Gillnets
23:25 Leather Archer Armor
23:05 Town Watch
23:54 Ballistics
25:02 Masonry
26:35 Bow Saw
29:17 Imperial Age
27:19 Stone Mining
29:28 Wheelbarrow
29:23 Elite Genoese Crossbowman
30:10 Bracer
32:13 Two-Man Saw
33:08 Stone Shaft Mining
33:52 Ring Archer Armor
34:25 Chemistry
33:23 Murder Holes
34:07 Architecture
34:03 Conscription
35:12 Hand Cart
37:01 Town Patrol
YemYesiL
8:45 Loom
14:18 Feudal Age
15:04 Double-Bit Axe
18:11 Forging
22:32 Gold Mining
23:45 Wheelbarrow
23:28 Scale Barding Armor
26:12 Castle Age
28:14 Husbandry
29:13 Iron Casting
29:21 Chain Barding Armor
38:56 Stone Mining
Connection lost

Rejoining the realm…

Still unreachable

The connection could not be restored.

Session expired

The server has moved on; the page needs a fresh start.